 Dungeon Crawl Stone Soup version 0.32-a0-705-g60f233581c (webtiles) character file.

Game seed: 2896806426765768055

4292 ezpacito the Chopper (level 10, -8/77 HPs)
             Began as a Coglin Chaos Knight on Mar 14, 2024.
             Was a Plaything of Xom.
             Mangled by a komodo dragon (18 damage)
             ... on level 7 of the Dungeon.
             The game lasted 00:09:36 (7269 turns).

ezpacito the Chopper (Coglin Chaos Knight)          Turns: 7269, Time: 00:09:37

Health: -8/77      AC: 16    Str: 14    XL:     10   Next: 32%
Magic:  14/14      EV:  9    Int: 12    God:    Xom [....*.]
Gold:   322        SH:  4    Dex: 14    Spells: 2/15 levels left

rFire   . . .        a - +0 hand axe (chaos) {Francisca}
rCold   . . .        u - +2 rapier (chaos) {Caihong}
rNeg    . . .        s - +0 chain mail
rPois   .            c - +0 helmet
rElec   .            A - +0 cloak
rCorr   .            (no gloves)
SInv    .            (no boots)
Will    .....        (amulet unavailable)
Stlth   +            (ring unavailable)
HPRegen 0.32/turn    (ring unavailable)
MPRegen 0.14/turn    (no gizmo)

%: no passive effects
@: brilliant, revved
A: off-hand wielding, slow wielding, warmup strikes, no jewellery, iridescent
scales 2, large bone plates 1, passive freeze, weak 1, MP-powered wands, sturdy
frame 1, persistent drain
a: Invent Gizmo, Renounce Religion


You were on level 7 of the Dungeon.
You worshipped Xom.
You were a beloved toy of Xom.
You visited 1 branch of the dungeon, and saw 8 of its levels.

You collected 322 gold pieces.

Inventory:

Hand Weapons
 a - a +0 hand axe of chaos (weapon) {Francisca}
 d - a +0 trident
 h - a +4 war axe
 l - a +0 long sword of flaming
 u - a +2 rapier of chaos (offhand) {Caihong}
 w - a +4 hand axe
Missiles
 j - 5 poisoned darts
 k - 6 curare-tipped darts
 m - 2 datura-tipped darts (quivered)
Armour
 c - a +0 helmet (worn)
 n - a +0 plate armour
 s - a +0 chain mail (worn)
 A - a +0 cloak (worn)
Wands
 f - a wand of paralysis (8)
 i - a wand of flame (16)
 B - a wand of quicksilver (5)
 C - a wand of mindburst (10)
Scrolls
 b - 2 scrolls of summoning {unknown}
 e - 2 scrolls of enchant weapon {unknown}
 g - 2 scrolls of noise {unknown}
 p - a scroll of enchant armour {unknown}
 r - a scroll of blinking {unknown}
 t - a scroll of teleportation {unknown}
 v - a scroll of immolation {unknown}
 x - a scroll of fear {unknown}
 y - 2 scrolls of poison {unknown}
Potions
 o - 2 potions of enlightenment
 q - 2 potions of curing
 z - 2 potions of mutation


   Skills:
 * Level 6.5 Fighting
 * Level 6.6(7.2) Axes
 + Level 3.8(5.4) Polearms
 * Level 5.7 Armour
 * Level 5.4 Dodging
 + Level 3.7 Stealth
 + Level 3.2 Spellcasting
 + Level 1.8 Alchemy
 + Level 4.9 Evocations


You had 2 spell levels left.
You knew the following spells:

 Your Spells              Type           Power      Damage    Failure   Level
a - Ensorcelled Hibernat  Hex/Ice        4%         N/A       94%         2
b - Inner Flame           Hex/Fire       2%         N/A       99%         3
c - Anguish               Hex/Necr       1%         N/A       100%        4
s - Sticky Flame          Fire/Alch      6%         2d4       100%        4

Your spell library contained the following spells:

 Spells                   Type           Power      Damage    Failure   Level
 Cause Fear               Hex            1%         N/A       100%        4
 Flame Wave               Conj/Fire      2%         2d4       100%        4
 Enfeeble                 Hex            1%         N/A       100%        7


Dungeon Overview and Level Annotations

Branches:
Dungeon (8/15)             Temple (0/1) D:7
   Lair: D:8-11

Altars:
Fedhas
Gozag
Hepliaklqana
Kikubaaqudgha
Nemelex Xobeh
Qazlal
Ru
Sif Muna
Trog
Xom
Yredelemnul
The Shining One

Annotations:
D:8 1 transporter, exclusion: oklob plant, hattop's ghost, novice DrSh


Innate Abilities, Weirdness & Mutations

You can wield a second weapon in your off-hand.
It takes a long time for you to wield or remove held weapons.
Your first few attacks do less damage.
You cannot equip rings or amulets.
You are mostly covered in iridescent scales. (AC +4)
You are partially covered in large bone plates. (SH +4)
A frigid envelope surrounds you and freezes all who hurt you.
You are weak. (Str -2)
You expend magic power (3 MP) to strengthen your wands.
Your movements are slightly less encumbered by armour. (ER -2)
Your health recovers twice as slowly from being drained.


Message History

You kill the yak!
The komodo dragon attacks as it pursues you!
You block the komodo dragon's attack.
The komodo dragon attacks as it pursues you!
The komodo dragon bites you.
The komodo dragon is very cold.
The komodo dragon is lightly wounded.
You take 1 damage, and have 41/77 hp.
There is a stone staircase leading up here.
You block the komodo dragon's attack.
You climb upwards.
There is a stone staircase leading down here.
You are too injured to fight recklessly!
You are too injured to fight recklessly!
You are too injured to fight recklessly!
You hit the komodo dragon with your +0 hand axe of chaos.
The komodo dragon seems to speed up.
The komodo dragon is lightly wounded.
You hit the komodo dragon but do no damage.
The komodo dragon is poisoned.
The komodo dragon bites you!
The komodo dragon is very cold.
The komodo dragon seems to slow down.
The komodo dragon is moderately wounded.
The komodo dragon bites you!
* * * LOW HITPOINT WARNING * * *
The komodo dragon is very cold.
The komodo dragon seems to slow down.
The komodo dragon is heavily wounded.
You take 22 damage, and have 20/77 hp.
MASSIVE DAMAGE!!
You closely miss the komodo dragon with your +0 hand axe of chaos.
The komodo dragon is heavily wounded.
You barely miss the komodo dragon with your +2 rapier of chaos.
The komodo dragon bites you!
* * * LOW HITPOINT WARNING * * *
The komodo dragon is very cold.
The komodo dragon seems to slow down.
The komodo dragon is heavily wounded.
You take 10 damage, and have 10/77 hp.
You hit the komodo dragon with your +0 hand axe of chaos.
You burn the komodo dragon.
The komodo dragon is severely wounded.
You barely miss the komodo dragon with your +2 rapier of chaos.
The komodo dragon bites you!!
You die...

#'#'# #.##...........# #.# )...#
#.############.# #.# #'#'# #.###
##.## #.# #.# #.#_# #...#
##.#.###.# #.# ##### ###.#
#.###....# #.# #.# ##.#.#####*###
#.# #.# ##.####!..#.#####.#
####.#####.##.#.>.#.......#
#........l@.#.#...#######.#
#.##.#####..#.#.#.* #.# #####
#.##.#......#.#.[,#######รท#
#P.P###.##.#.####.#.#.>,#.....)).
PPPP....##.#.# #.#.#. ,#####...#
PP_PP##.##.#.## #.#[##### #.#.#
.P.P....>.....# #.#.# #.# #.#..
.P.P.......#..###.#.# #.# #.#..
))....#.####...##.#.# #.#####....


You could see a komodo dragon (fast, poisoned, slow).

Vanquished Creatures
  A hornet (D:6)
  2 yaks (D:8)
  A steam dragon (D:7)
  A water moccasin (D:7)
  2 orc warriors (D:7)
  An ice beast (D:8)
  A sky beast (D:7)
  A hornet zombie (D:7)
  3 black bears
  An ogre (D:5)
  3 centaurs
  A phantom (D:7)
  A kobold brigand (D:6)
  A bullfrog (D:7)
  2 wyvern zombies (D:7)
  4 scorpions
  15 wights
  2 burial acolytes (D:7)
  3 killer bees (D:7)
  A bombardier beetle (D:4)
  Crazy Yiuf (D:7)
  4 hounds
  2 jellies
  3 orc priests
  A centaur skeleton (D:7)
  A human zombie (D:7)
  Ijyb (D:3)
  2 iguanas
  3 orc wizards
  3 killer bee zombies (D:7)
  A howler monkey zombie (D:7)
  Robin (D:2)
  A howler monkey skeleton (D:7)
  6 adders
  A shadow imp (D:6)
  2 ufetubi (D:6)
  A dart slug (D:1)
  2 ribbon worms
  18 orcs
  7 bats
  7 endoplasms
  2 giant cockroaches
  13 goblins
  9 hobgoblins
  12 jackals
  17 kobolds
  4 quokkas
  4 ball pythons
  A frilled lizard (D:1)
  4 rats
181 creatures vanquished.

Vanquished Creatures (collateral kills)
  An orc warrior (D:7)
  An orc priest (D:7)
  A goblin (D:2)
  A frilled lizard (D:2)
4 creatures vanquished.

Vanquished Creatures (others)
  An orc (D:3)
  A ball python (D:3)
2 creatures vanquished.

Grand Total: 187 creatures vanquished

Notes
Turn   | Place    | Note
-------+----------+-------------------------------------------
     0 | D:1      | ezpacito the Coglin Chaos Knight began the quest for the
                  | Orb.
     0 | D:1      | Reached XP level 1. HP: 18/18 MP: 1/1
    71 | D:1      | XOM: divination: detect items
    73 | D:1      | Reached skill level 1 in Dodging
   104 | D:1      | Reached XP level 2. HP: 22/24 MP: 2/2
   163 | D:1      | XOM: scenery: create altars
   234 | D:1      | XOM: scenery: create altars
   288 | D:1      | XOM: give mutations
   288 | D:1      | Gained mutation: Your movements are slightly less
                  | encumbered by armour. (ER -2) [Xom's grace]
   288 | D:1      | Gained mutation: You are partially covered in large bone
                  | plates. (SH +4) [Xom's grace]
   288 | D:1      | Gained mutation: You expend magic power (3 MP) to
                  | strengthen your wands. [Xom's grace]
   404 | D:1      | XOM: cloud trail
   481 | D:2      | Noticed Robin
   482 | D:2      | XOM: summons friendly quasit
   488 | D:2      | Reached XP level 3. HP: 24/29 MP: 3/3
   608 | D:2      | Killed Robin
   711 | D:2      | Reached XP level 4. HP: 34/35 MP: 4/4
   969 | D:2      | Reached skill level 1 in Polearms
  1032 | D:2      | XOM: divination: magic mapping
  1286 | D:3      | Found a sacrificial altar of Ru.
  1286 | D:3      | Found an opulent altar of Gozag.
  1286 | D:3      | Found a basalt altar of Yredelemnul.
  1286 | D:3      | Found a shimmering altar of Xom.
  1286 | D:3      | XOM: 3-stop teleportation journey
  1310 | D:3      | Noticed Ijyb
  1313 | D:3      | XOM: destruction
  1318 | D:3      | Killed Ijyb
  1319 | D:3      | Reached skill level 1 in Stealth
  1319 | D:3      | Reached XP level 5. HP: 41/41 MP: 6/6
  1328 | D:3      | Reached skill level 1 in Spellcasting
  1426 | D:3      | XOM: summons 4 hostile shadow creatures
  1731 | D:3      | You fall into a shaft and drop 1 floor!
  1953 | D:3      | Reached XP level 6. HP: 41/48 MP: 7/7
  1984 | D:3      | Found a faded altar of an unknown god.
  2082 | D:3      | XOM: god gift: grey potion {god gift}
  2102 | D:3      | Found a glowing golden altar of the Shining One.
  2606 | D:4      | XOM: cloud trail
  2862 | D:4      | Reached skill level 1 in Evocations
  3015 | D:5      | Entered Level 5 of the Dungeon
  3045 | D:5      | XOM: give mutations
  3045 | D:5      | Gained mutation: A frigid envelope surrounds you and
                  | freezes all who hurt you. [Xom's mischief]
  3045 | D:5      | Gained mutation: You are weak. (Str -2) [Xom's mischief]
  3045 | D:5      | Gained mutation: Your health recovers twice as slowly from
                  | being drained. [Xom's mischief]
  3077 | D:5      | Reached XP level 7. HP: 54/54 MP: 9/9
  3261 | D:5      | XOM: stat loss: -1 Str (11/12)
  3292 | D:5      | XOM: cloud trail
  3368 | D:5      | Found a hazy altar of Hepliaklqana.
  3368 | D:5      | XOM: scenery: 2 doors open, 1 doors close
  3378 | D:5      | XOM: scenery: 1 doors close
  3613 | D:5      | XOM: 2-stop teleportation journey
  3753 | D:5      | XOM: scenery: 1 doors close
  3811 | D:5      | Reached XP level 8. HP: 28/56 MP: 10/10
  4105 | D:6      | Reached skill level 5 in Axes
  4112 | D:6      | Reached skill level 5 in Fighting
  4294 | D:6      | Found a large runed translucent door.
  4295 | D:6      | Found a large runed translucent door.
  4295 | D:6      | Found a shimmering altar of Xom.
  4455 | D:6      | Found a sparkling altar of Nemelex Xobeh.
  4564 | D:6      | Identified the ring "Ehagric" {Fly rN+ MP+9 Dex+3} (Xom
                  | gifted it to you on level 6 of the Dungeon)
  4564 | D:6      | XOM: god gift: ring "Ehagric" {Fly rN+ MP+9 Dex+3}
  4772 | D:6      | Noticed a hornet
  4772 | D:6      | XOM: summons 3 friendly demons
  4777 | D:6      | Killed a hornet
  4834 | D:6      | XOM: silly message
  5007 | D:6      | XOM: cast spell 'Death Channel'
  5132 | D:7      | Found a blossoming altar of Fedhas.
  5154 | D:7      | Reached XP level 9. HP: 68/68 MP: 12/12
  5200 | D:7      | XOM: polymorph howler monkey -> hound
  5496 | D:7      | XOM: summons friendly white imp
  5734 | D:7      | Found a runed translucent door.
  5735 | D:7      | Noticed Crazy Yiuf
  5793 | D:7      | Found a shimmering blue altar of Sif Muna.
  5804 | D:7      | Got Sif Muna's Meditations on Fascination
  5809 | D:7      | Found a bloodstained altar of Trog.
  5905 | D:7      | Reached skill level 5 in Armour
  5934 | D:7      | Learned a level 2 spell: Ensorcelled Hibernation
  5939 | D:7      | Learned a level 4 spell: Sticky Flame
  5943 | D:7      | Learned a level 3 spell: Inner Flame
  5948 | D:7      | Learned a level 4 spell: Anguish
  6141 | D:7      | XOM: divination: detect creatures
  6243 | D:7      | Found a stormy altar of Qazlal.
  6343 | D:7      | XOM: summons friendly ufetubus
  6345 | D:7      | Reached skill level 5 in Dodging
  6348 | D:7      | Reached skill level 1 in Alchemy
  6559 | D:7      | Reached XP level 10. HP: 48/75 MP: 14/14
  6676 | D:7      | XOM: noise
  6710 | D:7      | Found an ancient bone altar of Kikubaaqudgha.
  6714 | D:7      | XOM: divination: magic mapping
  6943 | D:7      | Found a staircase to the Ecumenical Temple.
  7012 | D:7      | Killed Crazy Yiuf
  7023 | D:7      | XOM: give mutations
  7023 | D:7      | Gained mutation: You are partially covered in iridescent
                  | scales. (AC +2) [Xom's grace]
  7023 | D:7      | Gained mutation: You are mostly covered in iridescent
                  | scales. (AC +4) [Xom's grace]
  7184 | D:8      | Noticed hattop's ghost (novice DrSh)
  7189 | D:8      | Noticed an oklob plant
  7195 | D:8      | Found a transporter.
  7196 | D:8      | Noticed a six-headed hydra
  7206 | D:8      | XOM: noise
  7251 | D:8      | XOM: confuse monster(s)
  7256 | D:8      | XOM: smoke on damage
  7258 | D:8      | XOM: potion effect (brilliance)
  7259 | D:8      | XOM: silly message
  7269 | D:7      | Mangled by a komodo dragon

Illustrated notes

Levels and vault maps discovered:
D:1:      ebering_hopf_link, layout_rooms
D:2:      layout_basic, chequers_hall_statues_wall_a, uniq_robin
D:3:      layout_rooms, grunt_temple_overflow_open, tso_oasis_becter,
          serial_forest, infiniplex_forest_lined_room_2,
          infiniplex_forest_lined_3, infiniplex_forest_clump_diagonal,
          infiniplex_forest_end_double, infiniplex_forest_straight_3,
          infiniplex_forest_clump_medium, infiniplex_forest_straight_2,
          infiniplex_forest_clump_C, infiniplex_forest_lined_4_way,
          infiniplex_forest_lined_room_2, shapermc_ecumenical_altar_mp_vishouse,
          uniq_ijyb
D:4:      layout_loops_ring
D:5:      layout_gridville, kennysheep_mini
D:6:      due_chaos_kobolds, layout_gridville, mainiacjoe_overflow_cross_hatched
D:7:      layout_loops_ring, nzn_overflow_gifts_of_might_and_magic,
          grunt_temple_overflow_forces_of_nature,
          lemuel_mausoleum_altar_kikubaaqudgha,
          minmay_temple_entry_from_below_a, serial_undead, serial_undead_c,
          serial_undead_a, serial_undead_a, serial_undead_a,
          uniq_crazy_yiuf_cottage
D:8:      layout_rooms, grunt_lair_entry_orc_guard_hut, nzn_ghost_randoct,
          minmay_splitting_lines, kennysheep_cluttered_room, uniq_prince_ribbit1

Skill      XL: |  1  2  3  4  5  6  7  8  9 |
---------------+----------------------------+-----
Dodging        | 1 2 3 4 5 |  5.4
Armour         | 2 3 4 5 |  5.7
Polearms       | 1 2 3 |  3.8
Stealth        | 1 2 3 |  3.7
Spellcasting   | 1 2 3 |  3.2
Axes           | 4 5 6 |  6.6
Evocations     | 1 2 3 4 |  4.9
Fighting       | 4 5 6 |  6.5
Alchemy        | 1 |  1.8

Action                     |  1- 3 |  4- 6 |  7- 9 | 10-12 || total
---------------------------+-------+-------+-------+-------++-------
  Melee: Hand axe          |    56 |   134 |   147 |    59 ||   396
         Dagger            |    51 |   123 |    45 |       ||   219
         Short sword       |       |       |    20 |       ||    20
         Rapier            |       |       |    85 |    60 ||   145
  Evoke: Wand              |       |       |     1 |       ||     1
    Use: Potion            |     6 |     1 |     7 |     1 ||    15
         Scroll            |     1 |       |     3 |       ||     4
   Stab: Confused          |     3 |     1 |     4 |     4 ||    12
         Sleeping          |       |     5 |       |       ||     5
         Petrifying        |       |     2 |     1 |       ||     3
         Paralysed         |       |       |     3 |       ||     3
         Held in net/web   |       |       |     1 |       ||     1
 Armour: Leather armour    |    45 |    81 |       |       ||   126
         Skin              |    12 |     1 |       |       ||    13
         Chain mail        |       |     3 |   151 |    64 ||   218
  Dodge: Dodged            |    40 |    59 |    73 |    33 ||   205
  Block: Other             |     8 |    23 |    35 |    11 ||    77

Table legend: (Time is in decaauts)
 A = Elapsed time spent in this place.
 B = Non-inter-level travel time spent in this place.
 C = Inter-level travel time spent in this place.
 D = Time resting spent in this place.
 E = Time spent auto-exploring this place.
 F = Levels seen in this place.
 G = Mean time per level.
                   A        B        C        D        E       F      G
               +--------+--------+--------+--------+--------+-----+--------+
         Total |   7272 |   6970 |    302 |    846 |   4837 |   8 |  909.0 |
       Dungeon |   7272 |   6970 |    302 |    846 |   4837 |   8 |  909.0 |
               +--------+--------+--------+--------+--------+-----+--------+

Top non-repeatable levels by time:
     D:7: 2018 daAuts
     D:6: 1133 daAuts
     D:5: 960 daAuts
     D:3: 915 daAuts
     D:4: 845 daAuts
     D:2: 684 daAuts
     D:1: 582 daAuts
     D:8: 131 daAuts
